[Event "GER-chW Blitz 2019"]
[Site "Magdeburg"]
[Date "2019.05.25"]
[Round "1.1"]
[White "Michna, Marta"]
[Black "Roesler, Hannah Clara Hed"]
[Result "1-0"]
[ECO "A08"]
[WhiteElo "2355"]
[BlackElo "1619"]
[Annotator "NA RC"]
[PlyCount "85"]
[EventDate "2019.05.25"]
[EventType "tourn"]
[EventCountry "GER"]
[SourceTitle "playchess.com"]
[Source "ChessBase"]
[SourceQuality "1"]
[TimeControl "180+2"]

1. Nf3 c5 2. g3 d5 3. Bg2 g6 4. O-O Bg7 5. d3 Nf6 6. Nbd2 O-O 7. e4 dxe4 8. dxe4 Qc7 9. Qe2 Nc6 10. c3 Rd8 11. a4 b6 12. Re1 Ng4 13. Nb1 Qd7 14. Na3 Nge5 15. Be3 Bb7 16. Rad1 Qe8 17. Nb5 Rac8 18. Nxe5 Nxe5 19. f4 Nd7 20. Nxa7 Ra8 21. Nb5 Rdc8 22. Qc2 Ba6 23. e5 Rab8 24. Qb3 Bxb5 25. Qxb5 c4 26. Qxd7 Qxd7 27. Rxd7 Rd8 28. Red1 Rxd7 29. Rxd7 Bf8 30. Bd5 b5 31. a5 b4 32. a6 bxc3 33. bxc3 Rb1+ 34. Kg2 Rb2+ 35. Bf2 Rc2 36. a7 Rxc3 37. a8=Q Rc2 38. Rd8 c3 39. Rxf8+ Kg7 40. Rxf7+ Kh6 41. Qf8+ Kh5 42. Rxh7+ Kg4 43. Rh4# 1-0

[Event "GER-chW Blitz 2019"]
[Site "Magdeburg"]
[Date "2019.05.25"]
[Round "1.2"]
[White "Muetsch, Annmarie"]
[Black "Osmanodja, Filiz"]
[Result "1-0"]
[ECO "B51"]
[WhiteElo "2266"]
[BlackElo "2260"]
[Annotator "ChessBase"]
[PlyCount "76"]
[EventDate "2019.05.25"]
[EventType "tourn"]
[EventCountry "GER"]
[SourceTitle "playchess.com"]
[Source "ChessBase"]
[SourceQuality "1"]
[TimeControl "180+2"]

1. e4 c5 2. Nf3 d6 3. Bb5+ Nc6 4. O-O Bd7 5. Re1 Nf6 6. c3 a6 7. Bf1 Bg4 8. h3 Bh5 9. d3 e6 10. Bf4 Be7 11. Nbd2 O-O 12. Be2 h6 13. Nf1 Bg6 14. Qd2 c4 15. Bh2 cxd3 16. Bxd3 Nd7 17. Rad1 Nde5 18. Nxe5 dxe5 19. Ne3 Bg5 20. Qe2 Qe7 21. Nc4 Bf4 22. g3 Bg5 23. h4 Bf6 24. h5 Bh7 25. Bc2 Rad8 26. b4 b5 27. Ne3 Rd7 28. Rxd7 Qxd7 29. Nd1 Rd8 30. Nb2 Qd2 31. Qxd2 Rxd2 32. Rc1 Bg5 33. Kf1 Rxf2+ 34. Kxf2 Bxc1 35. Nd1 f5 36. Kf3 Bd2 37. Bg1 Kf7 38. Bc5 Ne7 1-0

[Event "GER-chW Blitz 2019"]
[Site "Magdeburg"]
[Date "2019.05.25"]
[Round "1.4"]
[White "Hofmann, Karina"]
[Black "Daemering, Katrin"]
[Result "0-1"]
[ECO "A02"]
[WhiteElo "1700"]
[BlackElo "2003"]
[Annotator "NA RC"]
[PlyCount "54"]
[EventDate "2019.05.25"]
[EventType "tourn"]
[EventCountry "GER"]
[SourceTitle "playchess.com"]
[Source "ChessBase"]
[SourceQuality "1"]
[TimeControl "180+2"]

1. f4 d6 2. Nf3 g6 3. e3 Bg7 4. Nc3 a6 5. b3 c5 6. Bb2 Nf6 7. d4 Nbd7 8. Bd3 O-O 9. d5 Nxd5 10. Nxd5 Bxb2 11. Rb1 Bg7 12. e4 Qa5+ 13. Qd2 Qd8 14. O-O b5 15. c4 b4 16. Rbe1 Bb7 17. Bc2 a5 18. Kh1 Bc6 19. e5 e6 20. Ne3 dxe5 21. Qd6 Bxf3 22. Rxf3 exf4 23. Rxf4 Be5 24. Qc6 Bxf4 25. Ng4 Qh4 26. Rf1 Qxg4 27. Qxd7 Qh4 0-1

[Event "GER-chW Blitz 2019"]
[Site "Magdeburg"]
[Date "2019.05.25"]
[Round "1.5"]
[White "Birkholz, Olga"]
[Black "Kreismann, Franziska"]
[Result "1-0"]
[ECO "B08"]
[WhiteElo "2031"]
[BlackElo "1589"]
[Annotator "NA RC"]
[PlyCount "63"]
[EventDate "2019.05.25"]
[EventType "tourn"]
[EventCountry "GER"]
[SourceTitle "playchess.com"]
[Source "ChessBase"]
[SourceQuality "1"]
[TimeControl "180+2"]

1. d4 g6 2. Nf3 Bg7 3. Nc3 Nf6 4. e4 d6 5. Be2 O-O 6. h3 Re8 7. O-O Nc6 8. d5 e6 9. dxc6 bxc6 10. Be3 c5 11. Qd2 Bb7 12. e5 dxe5 13. Nxe5 Qxd2 14. Bxd2 Rad8 15. Be3 Nd7 16. Nxd7 Rxd7 17. Bxc5 Bxc3 18. bxc3 Red8 19. Bxa7 Rd2 20. Bd3 e5 21. Be3 e4 22. Bxd2 exd3 23. cxd3 Rxd3 24. Be3 Rxc3 25. Rfc1 Rxc1+ 26. Rxc1 Bd5 27. a3 c6 28. a4 Kg7 29. a5 Kf6 30. a6 Ke5 31. a7 Ke4 32. a8=Q 1-0

[Event "GER-chW Blitz 2019"]
[Site "Magdeburg"]
[Date "2019.05.25"]
[Round "1.6"]
[White "Rath, Alina"]
[Black "Kunze, Kerstin"]
[Result "1-0"]
[ECO "A25"]
[WhiteElo "2042"]
[BlackElo "2066"]
[Annotator "NA RC"]
[PlyCount "99"]
[EventDate "2019.05.25"]
[EventType "tourn"]
[EventCountry "GER"]
[SourceTitle "playchess.com"]
[Source "ChessBase"]
[SourceQuality "1"]
[TimeControl "180+2"]

1. c4 e5 2. Nc3 Nc6 3. g3 Nf6 4. Bg2 Be7 5. e4 d6 6. Nge2 Be6 7. d3 O-O 8. O-O Qd7 9. f4 Bh3 10. f5 Bxg2 11. Kxg2 Nd8 12. h3 c6 13. g4 h6 14. d4 exd4 15. Qxd4 Qc7 16. Bf4 c5 17. Qd2 Nc6 18. Rad1 Ne5 19. b3 Rfd8 20. Ng3 a6 21. Rf2 Qc6 22. Kh2 b5 23. Nd5 Nxd5 24. cxd5 Qc7 25. Nh5 f6 26. Bxh6 Bf8 27. Bf4 Nf7 28. g5 fxg5 29. Bxg5 Re8 30. Re1 Nxg5 31. Qxg5 Qe7 32. Qg4 Qe5+ 33. Kg2 Ra7 34. f6 Rf7 35. Rf5 Qb2+ 36. Re2 Qd4 37. fxg7 Rxg7 38. Nxg7 Bxg7 39. Rg5 Qf6 40. Rg6 Qe5 41. h4 Rf8 42. Qe6+ Qxe6 43. Rxe6 Rd8 44. Rf2 Be5 45. Rf5 a5 46. Kh3 c4 47. bxc4 bxc4 48. Rg6+ Kh7 49. Rg2 c3 50. Rh5# 1-0

[Event "GER-chW Blitz 2019"]
[Site "Magdeburg"]
[Date "2019.05.25"]
[Round "1.7"]
[White "Silz, Elisa"]
[Black "Gheng, Simona"]
[Result "0-1"]
[ECO "D53"]
[WhiteElo "1977"]
[BlackElo "1991"]
[Annotator "NA RC"]
[PlyCount "108"]
[EventDate "2019.05.25"]
[EventType "tourn"]
[EventCountry "GER"]
[SourceTitle "playchess.com"]
[Source "ChessBase"]
[SourceQuality "1"]
[TimeControl "180+2"]

1. d4 d5 2. c4 e6 3. Nc3 Nf6 4. Bg5 Be7 5. e3 h6 6. Bf4 O-O 7. Rc1 Nbd7 8. Bd3 dxc4 9. Bxc4 Nb6 10. Bd3 Bd6 11. Bxd6 Qxd6 12. Nf3 a6 13. O-O Nbd5 14. Ne5 b6 15. Nxd5 Nxd5 16. Be4 Bb7 17. Bb1 Rac8 18. Qd3 Nf6 19. Ng4 Ne4 20. f3 f5 21. fxe4 Bxe4 22. Nxh6+ gxh6 23. Qe2 Bxb1 24. Rxb1 Kh7 25. Rbd1 Rg8 26. e4 Rg5 27. d5 Rcg8 28. Rf2 Qc5 29. Kh1 exd5 30. exd5 Qd6 31. Qe6 R8g6 32. Qxd6 Rxd6 33. Rfd2 f4 34. Kg1 Re5 35. Kf2 Kg6 36. h3 Kf5 37. Rd4 Re4 38. R4d3 h5 39. Rc3 Re5 40. Rxc7 Rexd5 41. Rxd5+ Rxd5 42. Rc6 Rd2+ 43. Ke1 Rxb2 44. a4 Ke4 45. Rh6 Ke3 46. Kd1 Rxg2 47. Rxb6 a5 48. Rb5 f3 49. Rxh5 Rd2+ 50. Kc1 Rd4 51. Rxa5 f2 52. Re5+ Re4 53. Rf5 Rf4 54. Re5+ Kd4 0-1

[Event "GER-chW Blitz 2019"]
[Site "Magdeburg"]
[Date "2019.05.25"]
[Round "1.8"]
[White "Kotyk, Valeriya"]
[Black "Kopylov, Luba"]
[Result "0-1"]
[ECO "A45"]
[WhiteElo "1739"]
[BlackElo "2078"]
[Annotator "NA RC"]
[PlyCount "82"]
[EventDate "2019.05.25"]
[EventType "tourn"]
[EventCountry "GER"]
[SourceTitle "playchess.com"]
[Source "ChessBase"]
[SourceQuality "1"]
[TimeControl "180+2"]

1. d4 Nf6 2. Bg5 Ne4 3. Bf4 d5 4. f3 Nf6 $11 5. Nd2 c5 6. dxc5 Qa5 7. c3 Qxc5 8. Nb3 Qb6 9. Qd4 Nc6 10. Qxb6 axb6 11. Nh3 e5 12. Be3 Be6 13. Bxb6 Ra6 14. Bc5 d4 15. Bxf8 Rxf8 16. Nc5 Rxa2 17. Rxa2 Bxa2 18. Nxb7 Ke7 19. e4 Rb8 20. Nc5 Rxb2 21. cxd4 Nxd4 22. Nf2 Rc2 23. Nfd3 Bc4 24. Kd1 Ra2 25. Nc1 Rc2 26. Bxc4 Rxc4 27. N5d3 Nd7 28. h4 Nb6 29. h5 Na4 30. h6 g6 31. Rf1 Nc3+ 32. Kd2 Nb1+ 33. Ke3 Nc2+ 34. Kf2 Nd2 35. Rd1 Nb1 36. Kg3 Nd4 37. Na2 Ne2+ 38. Kh3 Rd4 39. Nb2 Nf4+ 40. Kg3 Rxd1 41. Nxd1 Nd2 0-1

[Event "GER-chW Blitz 2019"]
[Site "Magdeburg"]
[Date "2019.05.25"]
[Round "1.9"]
[White "Fuchs, Judith"]
[Black "Zimmer, Elke"]
[Result "0-1"]
[ECO "D00"]
[WhiteElo "2218"]
[BlackElo "1926"]
[Annotator "RC"]
[PlyCount "130"]
[EventDate "2019.05.25"]
[EventType "tourn"]
[EventCountry "GER"]
[SourceTitle "playchess.com"]
[Source "ChessBase"]
[SourceQuality "1"]
[TimeControl "180+2"]

1. d4 d5 2. Bf4 Nf6 3. e3 Bf5 4. Nf3 e6 5. c4 c6 6. Nc3 Nbd7 7. Qb3 Qb6 8. c5 Qxb3 9. axb3 Nh5 10. Bg5 h6 11. Bh4 g5 12. Bg3 Nxg3 13. hxg3 Bg7 14. b4 a6 15. Nd2 O-O 16. Nb3 Rab8 17. Kd2 e5 18. Na4 Rfe8 19. Be2 Bg6 20. Bg4 f5 21. Bh5 Bxh5 22. Rxh5 Nf6 23. Rhh1 Ne4+ 24. Ke2 exd4 25. Rhe1 dxe3 26. fxe3 Nxg3+ 27. Kf3 Ne4 28. Nd4 Bxd4 29. exd4 Nd2+ 30. Kf2 Nc4 31. b3 Nd2 32. Ra3 Ne4+ 33. Kg1 Ng3 34. Rd1 Re3 35. Kf2 Rbe8 36. Ra2 f4 37. Nb6 Ne4+ 38. Kf1 Nc3 39. Rad2 Nxd1 40. Rxd1 Rxb3 41. Nd7 Kg7 42. Ne5 Rxb4 43. Nf3 Re3 44. Kf2 Rb2+ 45. Kf1 Ree2 46. Ne1 g4 47. Nd3 Rbd2 48. Nxf4 Rxd1+ 49. Kxe2 Ra1 50. Ne6+ Kf6 51. Nf4 Ra3 52. Nh5+ Kg5 53. Ng7 Ra2+ 54. Kf1 Kf4 55. Nh5+ Ke3 56. Nf6 g3 57. Ng4+ Kxd4 58. Ke1 Rxg2 59. Kf1 Ra2 60. Nxh6 Ke3 61. Nf5+ Kf3 62. Nd4+ Ke4 63. Ne6 Ke3 64. Ng7 Kf3 65. Ke1 g2 0-1

[Event "GER-chW Blitz 2019"]
[Site "Magdeburg"]
[Date "2019.05.25"]
[Round "1.11"]
[White "Ries, Jutta"]
[Black "Braje, Monika"]
[Result "1-0"]
[ECO "A03"]
[WhiteElo "2017"]
[BlackElo "1781"]
[Annotator "NA RC"]
[PlyCount "109"]
[EventDate "2019.05.25"]
[EventType "tourn"]
[EventCountry "GER"]
[SourceTitle "playchess.com"]
[Source "ChessBase"]
[SourceQuality "1"]
[TimeControl "180+2"]

1. f4 d5 2. Nf3 Nc6 3. b3 e6 4. Bb2 Nf6 5. e3 Be7 6. a3 Bd7 7. Bd3 h6 8. O-O Rg8 9. Ne5 Bd6 10. Qf3 Qe7 11. b4 a6 12. c4 dxc4 13. Nxc4 Nd5 14. Nxd6+ cxd6 15. Nc3 Nf6 16. b5 axb5 17. Nxb5 Bc8 18. a4 d5 19. Ba3 Qd7 20. Rfc1 Rxa4 21. Bc5 Rxa1 22. Rxa1 Ne4 23. Qe2 f6 24. Ra8 Kf7 25. Bxe4 dxe4 26. Nd6+ Kg6 27. Nxe4 f5 28. Ng3 Qd5 29. d4 Rd8 30. Qh5+ Kh7 31. Qh3 Qc4 32. Nf1 Qe2 33. Qg3 Bd7 34. Rxd8 Nxd8 35. Be7 Nc6 36. Bd6 Qd3 37. Be5 g5 38. fxg5 Qe4 39. gxh6 Qg4 40. Qxg4 fxg4 41. Bf4 Be8 42. Ng3 b5 43. Ne4 b4 44. Nc5 b3 45. Nxb3 Bg6 46. Nc5 Nb4 47. Nxe6 Bf5 48. Nf8+ Kg8 49. h7+ Bxh7 50. Nxh7 Kxh7 51. h3 gxh3 52. gxh3 Nd5 53. Kf2 Kg6 54. Kf3 Kf5 55. e4+ 1-0

[Event "GER-chW Blitz 2019"]
[Site "Magdeburg"]
[Date "2019.05.25"]
[Round "1.12"]
[White "Kushka, Alena"]
[Black "Schulze, Lara"]
[Result "0-1"]
[ECO "E20"]
[WhiteElo "2148"]
[BlackElo "2160"]
[Annotator "ChessBase"]
[PlyCount "128"]
[EventDate "2019.05.25"]
[EventType "tourn"]
[EventCountry "GER"]
[SourceTitle "playchess.com"]
[Source "ChessBase"]
[SourceQuality "1"]
[TimeControl "180+2"]

1. d4 Nf6 2. c4 e6 3. Nc3 Bb4 4. f3 c5 5. d5 b5 6. e4 bxc4 7. Bxc4 O-O 8. Nge2 exd5 9. exd5 d6 10. O-O Ba6 11. Bxa6 Nxa6 12. Bg5 h6 13. Bh4 Nc7 14. a3 Ba5 15. Qa4 Bb6 16. Rad1 Nce8 17. Ne4 g5 18. Bg3 Nxe4 19. fxe4 Qe7 20. Nc3 Ng7 21. Nb5 Rad8 22. Rde1 f6 23. Kh1 Nh5 24. Rf3 Nxg3+ 25. Rxg3 c4 26. Rf3 Rc8 27. Qd1 Qe5 28. Qc2 a6 29. Rf5 Qe7 30. Nc3 Bd4 31. Ne2 Be5 32. Ref1 Rb8 33. Nc3 Rfe8 34. Qe2 Rb3 35. Qh5 Kg7 36. Rxe5 dxe5 37. Ne2 Qf7 38. Qg4 Qg6 39. Ng3 Rxg3 40. hxg3 Qf7 41. Rd1 Rd8 42. d6 Qd7 43. Qe2 Qc6 44. Qd2 Qxe4 45. d7 Qc6 46. Kh2 e4 47. Qd4 h5 48. Kg1 Kg6 49. Qd6 Qxd6 50. Rxd6 Kf7 51. Kf2 Ke7 52. Rxa6 Rxd7 53. Ke3 f5 54. Ra5 Rd3+ 55. Ke2 Ke6 56. Ra6+ Rd6 57. Rxd6+ Kxd6 58. Ke3 Ke5 59. a4 f4+ 60. gxf4+ gxf4+ 61. Kd2 Kd4 62. a5 Kc5 63. Kc3 e3 64. Kc2 Kb5 0-1

[Event "GER-chW Blitz 2019"]
[Site "Magdeburg"]
[Date "2019.05.25"]
[Round "2.1"]
[White "Roesler, Hannah Clara Hed"]
[Black "Schulze, Lara"]
[Result "0-1"]
[ECO "C02"]
[WhiteElo "1619"]
[BlackElo "2160"]
[Annotator "NA"]
[PlyCount "47"]
[EventDate "2019.05.25"]
[EventType "tourn"]
[EventCountry "GER"]
[SourceTitle "playchess.com"]
[Source "ChessBase"]
[SourceQuality "1"]
[TimeControl "180+2"]

1. e4 e6 2. d4 d5 3. e5 c5 4. c3 Nc6 5. Nf3 Bd7 6. Bd3 Rc8 7. O-O cxd4 8. cxd4 Nb4 9. Nc3 Nxd3 10. Qxd3 Ne7 11. Bg5 h6 12. Bh4 Qb6 13. Rac1 Nf5 14. a4 Bb4 15. Nb5 O-O 16. Bg3 a6 17. Nc3 Bxc3 18. bxc3 Bxa4 19. Rfe1 Bb5 20. Rb1 Qc6 21. Qd2 Qxc3 22. Qxc3 Rxc3 23. Nd2 Nxd4 24. Kh1 0-1

[Event "GER-chW Blitz 2019"]
[Site "Magdeburg"]
[Date "2019.05.25"]
[Round "2.2"]
[White "Braje, Monika"]
[Black "Kushka, Alena"]
[Result "0-1"]
[ECO "B21"]
[WhiteElo "1781"]
[BlackElo "2148"]
[Annotator "NA"]
[PlyCount "54"]
[EventDate "2019.05.25"]
[EventType "tourn"]
[EventCountry "GER"]
[SourceTitle "playchess.com"]
[Source "ChessBase"]
[SourceQuality "1"]
[TimeControl "180+2"]

1. e4 c5 2. d4 cxd4 3. c3 d5 4. exd5 Qxd5 5. Nf3 Nf6 6. Qxd4 Nc6 7. Qxd5 Nxd5 8. Bc4 Nb6 9. Bb3 Bg4 10. Ng5 e6 11. O-O h6 12. Ne4 O-O-O 13. f3 Bf5 14. Ng3 Bc5+ 15. Kh1 Bd3 16. Rd1 a5 17. a4 Bc4 18. Bc2 Rxd1+ 19. Bxd1 Rd8 20. Bc2 Bd3 21. Bb3 Nc4 22. Nd2 N6e5 23. Nge4 Be7 24. Kg1 f5 25. Nf2 Bc5 26. Bxc4 Nxc4 27. Nb3 Ba7 {[%emt 0:00:04] Nxd3 [%clk 0:01:53]} 0-1

[Event "GER-chW Blitz 2019"]
[Site "Magdeburg"]
[Date "2019.05.25"]
[Round "2.3"]
[White "Mader, Lena"]
[Black "Ries, Jutta"]
[Result "0-1"]
[ECO "A38"]
[WhiteElo "1839"]
[BlackElo "2017"]
[Annotator "NA"]
[PlyCount "63"]
[EventDate "2019.05.25"]
[EventType "tourn"]
[EventCountry "GER"]
[SourceTitle "playchess.com"]
[Source "ChessBase"]
[SourceQuality "1"]
[TimeControl "180+2"]

1. c4 Nf6 2. Nc3 c5 3. g3 Nc6 4. Bg2 g6 5. Nf3 Bg7 6. O-O O-O 7. Rb1 b6 8. a3 Bb7 9. b4 d6 10. b5 Nd4 11. Bb2 Nxf3+ 12. Bxf3 Bxf3 13. exf3 d5 14. d3 d4 15. Ne4 Qd7 16. Kg2 Ne8 17. Bc1 e5 18. a4 f5 19. Ng5 h6 20. Nh3 Nd6 21. Re1 Rf7 22. Rb2 g5 23. Ng1 Raf8 24. a5 e4 25. dxe4 fxe4 26. fxe4 Nxc4 27. Rbe2 Nxa5 28. e5 Qb7+ 29. f3 g4 30. Rf1 gxf3+ 31. Nxf3 Rxf3 32. Kh3 0-1

[Event "GER-chW Blitz 2019"]
[Site "Magdeburg"]
[Date "2019.05.25"]
[Round "2.4"]
[White "Zimmer, Elke"]
[Black "Lubbe, Melanie"]
[Result "0-1"]
[ECO "B25"]
[WhiteElo "1926"]
[BlackElo "2278"]
[Annotator "NA"]
[PlyCount "141"]
[EventDate "2019.05.25"]
[EventType "tourn"]
[EventCountry "GER"]
[SourceTitle "playchess.com"]
[Source "ChessBase"]
[SourceQuality "1"]
[TimeControl "180+2"]

1. e4 c5 2. Nc3 Nc6 3. g3 g6 4. Bg2 Bg7 5. d3 d6 6. h3 e6 7. Be3 Nd4 8. Nge2 Rb8 9. Qd2 b5 10. Nd1 b4 11. c3 Nxe2 12. Qxe2 bxc3 13. bxc3 Bd7 14. O-O Ne7 15. Qd2 O-O 16. Bh6 Rb6 17. Bxg7 Kxg7 18. d4 cxd4 19. cxd4 Qb8 20. Kh2 d5 21. Rc1 Bc6 22. Nc3 dxe4 23. Nxe4 Bxe4 24. Bxe4 Rd8 25. Rb1 Qd6 26. Rfd1 Rxb1 27. Bxb1 Nd5 28. Bc2 Rb8 29. Bb3 Nf6 30. Qe3 a5 31. Qe5 Qxe5 32. dxe5 Ne4 33. Kg2 Nc5 34. Bc4 Rb2 35. Re1 Rc2 36. Bb5 Rxa2 37. Rc1 Nb3 38. Rc7 Nd4 39. Be8 a4 40. Bxf7 Kf8 41. Rd7 Rd2 42. Bxe6 Ke8 43. Rd6 Ke7 44. Bg8 a3 45. Ra6 Nb5 46. Bc4 Nd4 47. Ra7+ Ke8 48. Rxa3 Rc2 49. Bg8 h5 50. Bh7 Kf7 51. Ra7+ Ke6 52. Bxg6 Kxe5 53. Bxc2 Nxc2 54. Rc7 Nd4 55. f4+ Kf5 56. Rd7 Ne6 57. Kf3 Kf6 58. Rd6 Ke7 59. Rxe6+ Kxe6 60. g4 h4 61. f5+ Kf6 62. Kf4 Kg7 63. g5 Kf7 64. Ke5 Kg7 65. f6+ Kf7 66. Kf5 Kg8 67. g6 Kf8 68. Ke6 Kg8 69. f7+ Kf8 70. g7+ Kxg7 71. Ke7 0-1

[Event "GER-chW Blitz 2019"]
[Site "Magdeburg"]
[Date "2019.05.25"]
[Round "2.5"]
[White "Kopylov, Luba"]
[Black "Fuchs, Judith"]
[Result "0-1"]
[ECO "A57"]
[WhiteElo "2078"]
[BlackElo "2218"]
[Annotator "NA"]
[PlyCount "164"]
[EventDate "2019.05.25"]
[EventType "tourn"]
[EventCountry "GER"]
[SourceTitle "playchess.com"]
[Source "ChessBase"]
[SourceQuality "1"]
[TimeControl "180+2"]

1. d4 Nf6 2. c4 c5 3. d5 b5 4. cxb5 a6 5. b6 d6 6. Nc3 Nbd7 7. a4 Qxb6 8. a5 Qa7 9. e4 g6 10. Nf3 Bg7 11. Be2 O-O 12. O-O Rb8 13. Nd2 Ne8 14. Nc4 Nc7 15. Na4 Nb5 16. Nab6 Nd4 17. Bd3 Nxb6 18. Nxb6 Be5 19. f4 Bg7 20. h3 Qc7 21. Qe1 Nb3 22. Rb1 Nxc1 23. Qxc1 Qa7 24. Kh1 Rd8 25. b4 Bd4 26. f5 Bd7 27. fxg6 hxg6 28. Qf4 Rf8 29. bxc5 Bxc5 30. Qh6 Bxb6 31. axb6 Rxb6 32. Rxb6 Qxb6 33. Rf4 Qb2 34. Rh4 Qg7 35. Qg5 f6 36. Qd2 Ra8 37. Qa5 g5 38. Rg4 Bxg4 39. hxg4 Qh6+ 40. Kg1 Qg6 41. Qb6 Qe8 42. Bxa6 Qd8 43. Qc6 Qb8 44. Bb7 Ra7 45. Ba6 Rc7 46. Qa4 Qb6+ 47. Kh2 Ra7 48. Bb5 Qc5 49. Qb3 Rb7 50. Qa4 Qxb5 51. Qa8+ Rb8 52. Qa2 Kg7 53. Qf2 Rh8+ 54. Kg3 Qd3+ 55. Qf3 Qxf3+ 56. Kxf3 Ra8 57. Kg3 Ra3+ 58. Kh2 Kf8 59. g3 Re3 60. Kh3 Rxe4 61. Kg2 Rxg4 62. Kh3 Rd4 63. g4 Rd3+ 64. Kh2 Ke8 65. Kg2 Kd7 66. Kf2 Kc7 67. Ke2 Ra3 68. Kd2 Kb6 69. Kc2 Rh3 70. Kd2 Kc5 71. Ke2 Kd4 72. Kf2 Rb3 73. Ke2 Ra3 74. Kf2 Ke4 75. Ke2 Ra2+ 76. Kd1 Ke3 77. Kc1 Rh2 78. Kb1 Kd3 79. Ka1 Kc3 80. Kb1 Rg2 81. Ka1 Kb3 82. Kb1 Rg1# 0-1

[Event "GER-chW Blitz 2019"]
[Site "Magdeburg"]
[Date "2019.05.25"]
[Round "2.6"]
[White "Gheng, Simona"]
[Black "Kotyk, Valeriya"]
[Result "1-0"]
[ECO "C05"]
[WhiteElo "1991"]
[BlackElo "1739"]
[Annotator "NA"]
[PlyCount "95"]
[EventDate "2019.05.25"]
[EventType "tourn"]
[EventCountry "GER"]
[SourceTitle "playchess.com"]
[Source "ChessBase"]
[SourceQuality "1"]
[TimeControl "180+2"]

1. e4 e6 2. d4 d5 3. Nd2 Nf6 4. Bd3 dxe4 5. Nxe4 Be7 6. Nf3 O-O 7. O-O b6 8. c3 Bb7 9. Nxf6+ Bxf6 10. Bc2 Nd7 11. Qd3 g6 12. Bh6 Re8 13. Rfe1 c5 14. Rad1 cxd4 15. Nxd4 Nc5 16. Qg3 Qb8 17. Qxb8 Raxb8 18. Nb5 a6 19. Nd6 Red8 20. Bf4 Ra8 21. Nxb7 Nxb7 22. Bc7 Rxd1 23. Rxd1 b5 24. Be4 Rc8 25. Bxb7 Rxc7 26. Bxa6 Rc5 27. g3 Kf8 28. Rd7 b4 29. cxb4 Rc2 30. b5 Rxb2 31. a4 Bd4 32. Rxd4 Ke7 33. Kg2 f6 34. Kf3 e5 35. Rc4 f5 36. Rc6 Rb3+ 37. Ke2 Kd7 38. Bc8+ Ke7 39. b6 g5 40. b7 f4 41. gxf4 gxf4 42. a5 e4 43. a6 Rb2+ 44. Kd1 e3 45. fxe3 fxe3 46. Bg4 Kf7 47. Rc8 Rxh2 48. b8=Q 1-0

[Event "GER-chW Blitz 2019"]
[Site "Magdeburg"]
[Date "2019.05.25"]
[Round "2.7"]
[White "Kunze, Kerstin"]
[Black "Silz, Elisa"]
[Result "1-0"]
[ECO "B53"]
[WhiteElo "2066"]
[BlackElo "1977"]
[Annotator "NA"]
[PlyCount "167"]
[EventDate "2019.05.25"]
[EventType "tourn"]
[EventCountry "GER"]
[SourceTitle "playchess.com"]
[Source "ChessBase"]
[SourceQuality "1"]
[TimeControl "180+2"]

1. e4 c5 2. Nf3 d6 3. d4 cxd4 4. Qxd4 Nc6 5. Bb5 Bd7 6. Bxc6 Bxc6 7. c4 Nf6 8. Nc3 e6 9. O-O Be7 10. Re1 O-O 11. b3 Nd7 12. Bb2 Nf6 13. Rad1 Qc7 14. h3 a6 15. Qd2 b5 16. Qe2 b4 17. Nb1 Bxe4 18. Nd4 Bg6 19. Qf3 Rfe8 20. Nc6 Be4 21. Nxe7+ Qxe7 22. Rxe4 Nxe4 23. Qxe4 Rad8 24. Nd2 f5 25. Qd4 e5 26. Qd5+ Qf7 27. Qxf7+ Kxf7 28. Nf1 f4 29. f3 g5 30. Rd5 Re6 31. Nd2 h6 32. Ne4 Ke7 33. Bc1 Rg6 34. Bd2 Rb8 35. Be1 h5 36. Nxg5 Rbg8 37. h4 Rb8 38. Ra5 Rb6 39. Rd5 Rb8 40. Ne4 Rbg8 41. Ng5 Rb8 42. Bf2 Kd7 43. Ne4 Ke7 44. Ra5 Rbg8 45. Ng5 Ra8 46. Kf1 Kd7 47. Rd5 Kc6 48. Ke2 a5 49. Be1 a4 50. Bxb4 axb3 51. axb3 Ra2+ 52. Kd3 Rxg2 53. Ke4 Rf6 54. c5 Re2+ 55. Kd3 Re3+ 56. Kc2 dxc5 57. Rxc5+ Kb6 58. Rd5 Rc6+ 59. Kb2 Re2+ 60. Ka3 Rcc2 61. Be7 Rc3 62. Kb4 Ree3 63. Rd7 Rxb3+ 64. Kc4 Rbc3+ 65. Kd5 Rcd3+ 66. Ke6 Rxd7 67. Kxd7 Kb5 68. Ke6 Kc4 69. Kf5 Kd3 70. Bc5 Re2 71. Bd6 Kd4 72. Bb8 Re3 73. Ba7+ Kd3 74. Bxe3 fxe3 75. f4 e2 76. Nf3 Ke3 77. Ne1 Kf2 78. Nc2 Kg3 79. fxe5 Kxh4 80. e6 Kg3 81. e7 h4 82. e8=Q h3 83. Qe3+ Kg2 84. Qxe2+ 1-0

[Event "GER-chW Blitz 2019"]
[Site "Magdeburg"]
[Date "2019.05.25"]
[Round "2.9"]
[White "Daemering, Katrin"]
[Black "Birkholz, Olga"]
[Result "1-0"]
[ECO "A05"]
[WhiteElo "2003"]
[BlackElo "2031"]
[Annotator "NA"]
[PlyCount "139"]
[EventDate "2019.05.25"]
[EventType "tourn"]
[EventCountry "GER"]
[SourceTitle "playchess.com"]
[Source "ChessBase"]
[SourceQuality "1"]
[TimeControl "180+2"]

1. Nf3 Nf6 2. g3 g6 3. Bg2 Bg7 4. d3 O-O 5. e4 d6 6. O-O Nbd7 7. h3 Rb8 8. c4 a6 9. Nc3 b5 10. cxb5 axb5 11. a3 Ba6 12. Be3 c5 13. Ne1 Qc8 14. f4 b4 15. axb4 cxb4 16. Ne2 Nc5 17. Rc1 Qd8 18. e5 Nfd7 19. d4 Bxe2 20. Qxe2 Nb3 21. Rd1 Na5 22. Nd3 b3 23. Rc1 Nb6 24. Bd2 Nac4 25. Bc3 d5 26. Nc5 Nd7 27. Bxd5 Nxc5 28. Bxc4 Na4 29. Rfd1 e6 30. Be1 Qb6 31. Bf2 Qa5 32. d5 exd5 33. Rxd5 Qc7 34. Rdd1 Qe7 35. Bd4 Rfc8 36. Qd3 Nc5 37. Qe3 Ne6 38. Bxe6 Qxe6 39. Rxc8+ Rxc8 40. Bc3 Bf8 41. Kh2 Bc5 42. Qd3 Bb6 43. Qd6 Qc4 44. Rd2 Be3 45. Rd3 Qe4 46. e6 Qxe6 47. Qxe6 fxe6 48. Rxe3 Kf7 49. Rd3 Rc7 50. Kg2 Ke7 51. Kf3 Kf7 52. Ke4 Rc4+ 53. Ke3 Rc7 54. Kd4 Rd7+ 55. Kc4 Rc7+ 56. Kxb3 Rb7+ 57. Kc2 Ke7 58. Be5 h5 59. Rc3 Rd7 60. Rc7 Rxc7+ 61. Bxc7 Kd7 62. Be5 Kc6 63. Kc3 Kd5 64. b4 Kc6 65. Kc4 Kb6 66. Bd6 Kc6 67. Bc5 Kd7 68. Kd4 Kc6 69. Ke5 Kd7 70. b5 1-0

[Event "GER-chW Blitz 2019"]
[Site "Magdeburg"]
[Date "2019.05.25"]
[Round "2.10"]
[White "Sieber, Fiona"]
[Black "Hofmann, Karina"]
[Result "1-0"]
[ECO "B00"]
[WhiteElo "2250"]
[BlackElo "1700"]
[Annotator "NA"]
[PlyCount "109"]
[EventDate "2019.05.25"]
[EventType "tourn"]
[EventCountry "GER"]
[SourceTitle "playchess.com"]
[Source "ChessBase"]
[SourceQuality "1"]
[TimeControl "180+2"]

1. e4 b6 2. d4 Bb7 3. Bd3 g6 4. Ne2 Bg7 5. Nbc3 e6 6. Be3 Ne7 7. Qd2 d5 8. O-O-O dxe4 9. Bxe4 Nd5 10. Bg5 Bf6 11. Bxf6 Qxf6 12. Nxd5 Bxd5 13. Bxd5 exd5 14. Qh6 Nd7 15. Nc3 O-O-O 16. Nxd5 Qxf2 17. Rhf1 Qxg2 18. Ne7+ Kb8 19. d5 Kb7 20. Rxf7 Ne5 21. Rf6 Qe4 22. Qf4 Qxf4+ 23. Rxf4 Rhe8 24. d6 cxd6 25. Nd5 Rf8 26. Rdf1 Rxf4 27. Rxf4 Rd7 28. b3 g5 29. Rf5 h6 30. Kd2 Ng4 31. h3 Ne5 32. Ke3 Rf7 33. Ke4 Rxf5 34. Kxf5 Kc6 35. Ke6 Nf3 36. Ne7+ Kc5 37. Nf5 Nd4+ 38. Nxd4 Kxd4 39. c4 h5 40. Kf5 g4 41. hxg4 h4 42. Kf4 h3 43. Kg3 h2 44. Kxh2 Ke4 45. Kg3 Ke5 46. Kf3 a6 47. Ke3 b5 48. cxb5 axb5 49. a4 bxa4 50. bxa4 d5 51. a5 d4+ 52. Kd3 Kd5 53. a6 Kc6 54. g5 Kb6 55. g6 1-0

[Event "GER-chW Blitz 2019"]
[Site "Magdeburg"]
[Date "2019.05.25"]
[Round "2.11"]
[White "Osmanodja, Filiz"]
[Black "Siegl, Melina"]
[Result "1-0"]
[ECO "B43"]
[WhiteElo "2260"]
[BlackElo "2029"]
[Annotator "NA"]
[PlyCount "53"]
[EventDate "2019.05.25"]
[EventType "tourn"]
[EventCountry "GER"]
[SourceTitle "playchess.com"]
[Source "ChessBase"]
[SourceQuality "1"]
[TimeControl "180+2"]

1. e4 c5 2. Nc3 e6 3. Nf3 a6 4. d4 cxd4 5. Nxd4 d6 6. Be2 b5 7. a3 Bb7 8. Bf3 Nd7 9. a4 b4 10. Na2 a5 11. c3 bxc3 12. Nxc3 Ne5 13. Be2 Nf6 14. Bb5+ Ned7 15. O-O Rc8 16. Qb3 d5 17. e5 Ne4 18. Nxe4 dxe4 19. Rd1 Rc7 20. Bd2 Qa8 21. Nxe6 fxe6 22. Qxe6+ Be7 23. Bg5 Qd8 24. Rac1 Rxc1 25. Bxd7+ Kf8 26. Qf5+ Bf6 27. Rxc1 1-0